 Dungeon Crawl Stone Soup version 0.17-a0-18-gc25b939 (webtiles) character file.

110 JacquesDerrida the Caller (level 4, 0/30 HPs)
             Began as a Merfolk Summoner on Mar 7, 2015.
             Slain by an orc wizard
             ... wielding a cursed -2 dagger
              (4 damage)
             ... on level 3 of the Dungeon.
             The game lasted 00:06:23 (1297 turns).

JacquesDerrida the Caller (Merfolk Summoner)        Turns: 1297, Time: 00:06:24

Health: 0/30       AC:  2    Str:  8      XL:     4   Next: 91%
Magic:  4/7        EV: 13    Int: 13 (15) God:
Gold:   125        SH:  0    Dex: 14      Spells: 3 memorised, 1 level left

rFire  . . .     SeeInvis .     o - +0 spear
rCold  . . .     Clarity  .     a - +0 robe
rNeg   + . .     SustAb   .     (no shield)
rPois  .         Gourm    +     (no helmet)
rElec  .         Spirit   .     (no cloak)
rCorr  .         Warding  .     (no gloves)
rMut   .         Stasis   .     (no boots)
MR     .....                    k - amulet of the gourmand
Stlth  ++........               (no ring)
                                h - ring of positive energy (curse)

@: not resistant to hostile enchantments, unstealthy
A: change form in water, swift swim
a: no special abilities


You were on level 3 of the Dungeon.
You were full.

You visited 1 branch of the dungeon, and saw 4 of its levels.

You collected 125 gold pieces.

Inventory:

Hand weapons
 o - a +0 spear (weapon)
Armour
 a - a +0 robe (worn)
Jewellery
 h - a cursed ring of positive energy (left hand)
 k - an amulet of the gourmand (around neck)
Scrolls
 f - a scroll of blinking {unknown}
 j - a scroll of identify {unknown}
 l - a scroll of magic mapping {unknown}
 m - a scroll of amnesia {unknown}
Potions
 d - 3 potions of degeneration
 e - a potion of haste {unknown}
 g - 2 potions of cancellation {unknown}
 n - a potion of agility {unknown}
Books
 b - a book of Callings

   Spells                             Type                      Level
   a - Summon Small Mammal            Summoning                    1
   b - Call Imp                       Summoning                    2
   c - Call Canine Familiar           Summoning                    3
   d - Summon Guardian Golem          Hexes/Summoning              4
   e - Summon Lightning Spire         Summoning/Air                4
   f - Summon Ice Beast               Ice/Summoning                4
Comestibles
 c - 2 bread rations
 i - 2 beef jerkies


   Skills:
 + Level 3.4 Polearms
 - Level 2.6 Dodging
 - Level 2.1 Stealth
 - Level 2.0 Spellcasting
 + Level 5.4 Summonings


You had one spell level left.
You knew the following spells:

 Your Spells              Type           Power        Failure   Level  Hunger
a - Summon Small Mammal   Summ           ###.         3%          1    ##.....
b - Call Imp              Summ           ###.....     6%          2    ###....
c - Call Canine Familiar  Summ           ###.....     12%         3    ####...


Dungeon Overview and Level Annotations

Branches:
Dungeon (4/15)
 Temple: D:4-7

Altars:
Qazlal
Yredelemnul


Message History

There is a stone staircase leading up here.
The orc hits you with a flail.
You climb upwards.
There is a stone staircase leading down here.
Unknown command.
Something hits you.
Casting: Call Imp
Confirm with . or Enter, or press ? or * to list all spells.
The orc hits you with a flail!
* * * LOW HITPOINT WARNING * * *
Something hits you.
* * * LOW HITPOINT WARNING * * *
Unknown command.
Drink which item? (? for menu, Esc to quit)
It was a potion of degeneration.
There was something very wrong with that liquid.
You feel dopey.
Your hound completely misses the orc.
The orc closely misses you. Something hits you.
You die...

#..##.....##.#
####............#
#....############
#.#### #.# #.# #
#h# # ##o# # ##@{#
### ##...## #..
##.....## #..
#.......# #..
##.....## #.###.
##...## #.....
##.######## #####.
#........# #.
#...###..########.


You could see an orc and a friendly hound.

Vanquished Creatures
  A gnoll (D:3)
  A giant cockroach (D:3)
  A hobgoblin (D:2)
  A bat (D:1)
  4 goblins
  A kobold (D:1)
  4 rats
13 creatures vanquished.

Vanquished Creatures (collateral kills)
  Menkaure (D:4)
  3 gnolls
  An adder (D:4)
  3 giant geckos
  An orc (D:3)
  A bat (D:1)
  A giant cockroach (D:2)
  3 goblins
  2 quokkas
  3 giant newts
  2 kobolds
  3 rats
24 creatures vanquished.

Vanquished Creatures (others)
  A crimson imp (D:4)
  A hound (D:4)
  3 bats (D:1)
  A quokka (D:1)
  3 rats (D:1)
9 creatures vanquished.

Grand Total: 46 creatures vanquished

Notes
Turn   | Place    | Note
--------------------------------------------------------------
     0 | D:1      | JacquesDerrida, the Merfolk Summoner, began the quest for the Orb.
     0 | D:1      | Reached XP level 1. HP: 13/13 MP: 3/3
     0 | D:1      | Noticed an iron dragon
     0 | D:1      | Noticed an iron dragon
     4 | D:1      | Noticed a red draconian
     4 | D:1      | Noticed a black draconian
     7 | D:1      | Noticed a large abomination
     9 | D:1      | Noticed a tentacled monstrosity
    11 | D:1      | Noticed an orb of fire
    13 | D:1      | Noticed an ice dragon
    13 | D:1      | Noticed a tentacled monstrosity
    14 | D:1      | Noticed a shadow dragon
    15 | D:1      | Noticed a large abomination
    17 | D:1      | Noticed an orb of fire
    17 | D:1      | Noticed a shadow dragon
    19 | D:1      | Noticed an iron dragon
    19 | D:1      | Noticed a shadow dragon
    20 | D:1      | Noticed an orb of fire
   156 | D:1      | Reached XP level 2. HP: 14/19 MP: 0/4
   164 | D:1      | Learned a level 2 spell: Call Imp
   533 | D:2      | Found a basalt altar of Yredelemnul.
   687 | D:2      | Noticed a water elemental
   689 | D:2      | Found a stormy altar of Qazlal.
   690 | D:2      | Noticed an air elemental
   690 | D:2      | Noticed an earth elemental
   690 | D:2      | Noticed a fire elemental
   894 | D:2      | Reached XP level 3. HP: 24/24 MP: 3/6
  1011 | D:3      | Learned a level 3 spell: Call Canine Familiar
  1069 | D:3      | Reached skill level 1 in Polearms
  1105 | D:3      | Reached skill level 5 in Summonings
  1206 | D:4      | Noticed Menkaure
  1225 | D:4      | Killed Menkaure
  1225 | D:4      | Reached XP level 4. HP: 12/30 MP: 0/7
  1297 | D:3      | Slain by an orc wizard

Action                   |  1- 3 |  4- 6 || total
-------------------------+-------+-------++-------
Melee: Spear             |    90 |     5 ||    95
       Dagger            |     7 |       ||     7
 Cast: Summon Small Mamm |    15 |       ||    15
       Call Imp          |    18 |       ||    18
       Call Canine Famil |     1 |     1 ||     2
  Use: Potion            |       |     1 ||     1
  Eat: Chunk             |     6 |     2 ||     8
